 Dungeon Crawl Stone Soup version 0.25.1-8-g42b30a86e7 (webtiles) character file.

Game seed: 8222413193150423014

13570 hawla the Destroyer (level 11, -3/115 HPs)
             Began as a Yellow Draconian Conjurer on Dec 17, 2020.
             Was a Priest of Ashenzari.
             Slain by an ice devil (13 damage)
             ... in an ice cave.
             The game lasted 00:57:24 (18435 turns).

hawla the Destroyer (Yellow Draconian Conjurer)    Turns: 18435, Time: 00:57:25

Health: -3/115     AC: 25    Str: 13    XL:     11   Next: 77%
Magic:  2/27       EV:  2    Int: 19    God:    Ashenzari [***...]
Gold:   171        SH:  0    Dex: 16    Spells: 2/19 levels left

rFire    + . .     SeeInvis +   z - staff of poison
rCold    . . .     Gourm    .   (no shield)
rNeg     + + +     Faith    .   (armour unavailable)
rPois    +         Spirit   .   (helmet currently unavailable)
rElec    .         Reflect  .   (cloak currently unavailable)
rCorr    .         Harm     .   (gloves currently unavailable)
MR       .....     NoTele   +   (boots currently unavailable)
Stlth    ++........             G - amulet of magic regeneration (curse)
HPRegen  0.29/turn              x - ring of Paqaps {rF+ Str+3 Dex+4} (curse)
MPRegen  0.45/turn              t - ring of magical power (curse)

@: short of breath, tree-form, very slightly contaminated
A: (spit acid), unfitting armour, AC +7
a: Curse Item, Scrying, Renounce Religion


You were in an ice cave.
You worshipped Ashenzari.
Ashenzari was most pleased with you.
You were not hungry.
You were a tree.
You visited 2 branches of the dungeon, and saw 13 of its levels.
You also visited: Sewer and Ice Cave.

You collected 851 gold pieces.
You spent 680 gold pieces at shops.

Inventory:

Missiles
 b - 12 boomerangs
 n - 25 poisoned darts (quivered)
 u - 10 curare-tipped darts
Armour
 f - a +0 pair of boots (melded)
 o - a +2 cloak (melded)
 p - a +0 hat (melded)
 y - a cursed +1 pair of gloves (melded)
Magical Staves
 z - an uncursed staff of poison (weapon)
 B - an uncursed staff of summoning
Jewellery
 d - an uncursed ring of protection from fire
 e - an uncursed ring of positive energy
 i - an uncursed amulet of the acrobat
 m - a +6 ring of dexterity
 q - an uncursed amulet of guardian spirit
 t - a cursed ring of magical power (right branch)
 x - the cursed ring of Paqaps (left branch) {rF+ Str+3 Dex+4}
   (You found it on level 5 of the Dungeon)

   [ring of protection from fire]

   It affects your strength (+3).
   It affects your dexterity (+4).
   It protects you from fire.
   It has a curse placed upon it.
 G - a cursed amulet of magic regeneration (around neck)
 I - a +4 ring of slaying
 J - an uncursed amulet of reflection
Wands
 k - a wand of digging (4)
 E - a wand of flame (26)
 F - a wand of iceblast (8)
Scrolls
 a - a scroll of vulnerability
 c - 4 scrolls of teleportation
 g - 7 scrolls of remove curse
 v - a scroll of blinking
 A - 2 scrolls of identify
 D - 2 scrolls of amnesia
 H - a scroll of random uselessness {unknown}
Potions
 h - 4 potions of curing
 j - 3 potions of flight
 w - a potion of cancellation
 C - 2 potions of ambrosia
Comestibles
 s - 8 rations


   Skills:
 - Level 1.3 Fighting
 - Level 1.0 Throwing
 - Level 10.0 Dodging
 - Level 2.0 Stealth
 + Level 4.9 Spellcasting
 - Level 10.6(13.2) Conjurations
 - Level 6.0(9.0) Translocations
 - Level 6.4(9.4) Fire Magic
 - Level 6.0(9.0) Earth Magic
 - Level 2.9(5.4) Evocations


You had 2 spell levels left.
You knew the following spells:

 Your Spells              Type           Power        Failure   Level  Hunger
a - Magic Dart            Conj           ####         1%          1    None
b - Searing Ray           Conj           ######       1%          2    #......
c - Iskenderun's Mystic   Conj/Tloc      #####...     1%          4    ####...
d - Bolt of Magma         Conj/Fire/Erth #####.....   4%          5    ######.
e - Blink                 Tloc           N/A          1%          2    #......
f - Conjure Flame         Conj/Fire      #####...     1%          3    ##.....

Your spell library contained the following spells:

 Spells                   Type           Power        Failure   Level  Hunger
 Foxfire                  Conj/Fire      ####         1%          1    None
 Call Imp                 Summ           #.......     16%         2    #......
 Slow                     Hex            #.......     16%         2    #......
 Sticky Flame             Conj/Fire      #####...     1%          4    ####...
 Dazzling Flash           Conj/Hex       ####..       2%          3    ##.....
 Fireball                 Conj/Fire      #####.....   3%          5    ######.
 Inner Flame              Hex/Fire       ###.....     4%          3    ##.....
 Mephitic Cloud           Conj/Pois/Air  ####....     5%          3    ##.....
 Fulminant Prism          Conj/Hex       ####......   8%          4    ####...
 Summon Forest            Summ/Tloc      ###.......   45%         5    ######.


Dungeon Overview and Level Annotations

Branches:
Dungeon (12/15)            Temple (1/1) D:4            Lair (0/6) D:8
    Orc (0/2) D:11          Sewer (visited)           IceCv (1/1)

Altars:
Ashenzari
Cheibriados
Dithmenos
Elyvilon
Fedhas
Gozag
Hepliaklqana
Kikubaaqudgha
Makhleb
Nemelex Xobeh
Okawaru
Qazlal
Ru
Sif Muna
Trog
Uskayaw
Vehumet
Wu Jian
Xom
Yredelemnul
Zin
The Shining One
Beogh

Shops:
D:8 }   D:10 *:::}

Portals:
Trove: D:11 (give 2 scrolls of acquirement)

Annotations:
D:10 2 transporters, radhat240's ghost, journeyman SpAs
D:12 Nessos


Innate Abilities, Weirdness & Mutations

((You can spit globs of acid.))
((Your golden yellow scales are hard. (AC +7)))
You cannot fit into any form of body armour.
((You are cold-blooded and may be slowed by cold attacks.))
((You are resistant to acid. (rCorr)))


Message History

You kill the ice devil!
The acid splashes onto the ice devil!
The ice devil is splashed with acid!
The acid corrodes the ice devil!
You feel somewhat more hungry. The ice devil hits you!
The ice devil freezes you!
You feel yourself slow down.
* * * LOW HITPOINT WARNING * * *
Really quaff the potion of lignification?
You turn into a tree.
Your +2 cloak melds into your body.
Your +0 hat melds into your body.
Your cursed +1 pair of gloves melds into your body.
Your +0 pair of boots melds into your body.
Your roots penetrate the ground.
The ice devil hits you.
* * * LOW HITPOINT WARNING * * *
The ice devil freezes you!
* * * LOW HITPOINT WARNING * * *
You feel better.
You feel yourself speed up. The ice devil hits you.
* * * LOW HITPOINT WARNING * * *
The ice devil freezes you!
You die...

##.. .... *.....
#### * .....
##..## #.....
##....######......
#.......##........
#♣.∩∩.............
#.4...............
##....##..##......
##..###### #.....
#### {.....
**..... **....
##..


You could see an ice devil (corroded).

Vanquished Creatures
  4 two-headed ogres
  An unseen horror (D:10)
  Pikel (D:6)
  Joseph (D:7)
  A centaur skeleton (D:11)
  3 ice devils (IceCv)
  A queen bee (D:8)
  A hornet (D:10)
  A hippogriff (D:11)
  2 centaur simulacra (D:12)
  3 yaks (D:10)
  A hungry ghost (D:10)
  Menkaure (D:6)
  Duvessa (D:6)
  A water moccasin (D:5)
  4 black bears
  3 porcupines (D:8)
  An ice beast (D:9)
  6 orc warriors
  4 sky beasts
  2 phantoms
  An eye of draining (D:10)
  A wolf (D:8)
  An ogre (D:6)
  6 centaurs
  4 crocodiles (D:8)
  3 big kobolds
  8 bullfrogs
  A gnoll sergeant (D:9)
  Dowan (D:6)
  5 scorpions
  A water moccasin skeleton (D:9)
  14 killer bees
  8 wights
  6 howler monkeys
  3 crimson imps
  6 hounds
  A jelly (D:10)
  A centaur zombie (D:5)
  3 bullfrog skeletons
  8 orc priests
  11 orc wizards
  4 iguanas
  10 worker ants
  A killer bee zombie (D:9)
  Robin (D:2)
  3 hound skeletons
  A worker ant zombie (D:10)
  9 adders
  9 gnolls
  2 river rats
  A shadow imp (D:8)
  A white imp (D:12)
  An ooze (D:1)
  2 adder zombies
  2 adder skeletons
  2 worms (D:3)
  A dart slug (D:3)
  8 leopard geckos
  41 orcs
  4 giant cockroaches
  12 goblins
  13 hobgoblins
  19 jackals
  3 quokkas
  3 ball pythons
  13 bats
  9 frilled lizards
  16 kobolds
  2 leopard gecko skeletons
  A leopard gecko zombie (D:8)
  A quokka skeleton (D:4)
  13 rats
344 creatures vanquished.

Vanquished Creatures (others)
  9 fungi (D:8)
  A plant (D:8)
  2 toadstools (D:8)
12 creatures vanquished.

Grand Total: 356 creatures vanquished

Notes
Turn   | Place    | Note
-------+----------+-------------------------------------------
     0 | D:1      | hawla the Draconian Conjurer began the quest for the Orb.
     0 | D:1      | Reached XP level 1. HP: 14/14 MP: 3/3
   380 | D:1      | Reached XP level 2. HP: 11/20 MP: 0/5
   637 | D:1      | Reached skill level 1 in Throwing
   686 | D:1      | Learned a level 2 spell: Searing Ray
  1255 | D:1      | Reached XP level 3. HP: 26/26 MP: 4/6
  1742 | D:2      | Noticed Robin
  2236 | D:2      | Killed Robin
  2236 | D:2      | Reached XP level 4. HP: 33/33 MP: 1/7
  2244 | D:1      | Learned a level 4 spell: Iskenderun's Mystic Blast
  3001 | D:3      | Found an ancient bone altar of Kikubaaqudgha.
  3001 | D:3      | Found a glowing silver altar of Zin.
  3001 | D:3      | Found an opulent altar of Gozag.
  3001 | D:3      | Found a shimmering blue altar of Sif Muna.
  3223 | D:4      | Found a glowing drain.
  3231 | D:4      | Reached skill level 1 in Translocations
  3244 | D:4      | Reached XP level 5. HP: 12/38 MP: 2/8
  3291 | Sewer    | Entered a sewer
  4057 | Sewer    | Found a white marble altar of Elyvilon.
  4362 | D:3      | Reached XP level 6. HP: 45/45 MP: 2/9
  5031 | D:3      | Reached skill level 5 in Conjurations
  5381 | D:3      | Found a glowing golden altar of the Shining One.
  5544 | D:4      | Found a bloodstained altar of Trog.
  5905 | D:5      | Entered Level 5 of the Dungeon
  6143 | D:4      | Found a staircase to the Ecumenical Temple.
  6149 | Temple   | Entered the Ecumenical Temple
  6392 | Temple   | Became a worshipper of Ashenzari the Shackled
  6655 | D:4      | Found a white marble altar of Elyvilon.
  6883 | D:5      | Reached skill level 5 in Dodging
  6883 | D:5      | Your scales start taking on a golden yellow colour.
  6883 | D:5      | Reached XP level 7. HP: 50/50 MP: 5/10
  6883 | D:5      | Gained mutation: You are resistant to acid. (rCorr) [Yellow
                  | Draconian growth]
  8335 | D:5      | Identified the ring of Paqaps {rF+ Str+3 Dex+4}
  8550 | D:5      | Found a white marble altar of Elyvilon.
  8620 | D:5      | Found a basalt altar of Yredelemnul.
  8760 | D:6      | Noticed Menkaure
  8763 | D:6      | Killed Menkaure
  8763 | D:6      | Reached XP level 8. HP: 30/57 MP: 11/11
  8982 | D:6      | Noticed Dowan
  8997 | D:6      | Killed Dowan
  9037 | D:6      | Noticed Duvessa
  9115 | D:6      | Killed Duvessa
  9115 | D:6      | Reached skill level 5 in Translocations
  9395 | D:6      | Noticed Pikel
  9420 | D:6      | Killed Pikel
  9510 | D:6      | Identified the Reference Book on Quantum Arcane Weapons
 10227 | D:7      | Reached * piety under Ashenzari
 10248 | D:7      | Reached XP level 9. HP: 62/62 MP: 12/13
 10325 | D:7      | Noticed Joseph
 10552 | D:7      | Killed Joseph
 10715 | D:7      | Learned a level 5 spell: Bolt of Magma
 11003 | D:8      | Found a blossoming altar of Fedhas.
 11185 | D:8      | Reached skill level 1 in Fire Magic
 11185 | D:8      | Reached skill level 1 in Earth Magic
 11447 | D:9      | Found a shadowy altar of Dithmenos.
 11702 | D:8      | Noticed a queen bee
 11719 | D:8      | Killed a queen bee
 11998 | D:8      | Reached XP level 10. HP: 69/69 MP: 16/16
 12929 | D:8      | Found a staircase to the Lair.
 13036 | D:8      | Found Pedosal's Gadget Emporium.
 13802 | D:9      | Noticed a two-headed ogre
 13810 | D:9      | Killed a two-headed ogre
 13810 | D:9      | Reached skill level 10 in Conjurations
 13810 | D:9      | Reached skill level 5 in Fire Magic
 13810 | D:9      | Reached skill level 5 in Earth Magic
 14609 | D:9      | Reached ** piety under Ashenzari
 15352 | D:10     | Entered Level 10 of the Dungeon
 15358 | D:10     | Reached XP level 11. HP: 74/74 MP: 17/17
 15438 | D:10     | Found Cub Xiup's Book Emporium.
 15490 | D:10     | Noticed a two-headed ogre
 15498 | D:10     | Killed a two-headed ogre
 15601 | D:10     | Found a transporter.
 15601 | D:10     | Noticed radhat240's ghost (journeyman SpAs)
 15601 | D:10     | Noticed a two-headed ogre
 15601 | D:10     | Noticed a two-headed ogre
 15602 | D:10     | Found a transporter.
 15602 | D:10     | Noticed a two-headed ogre
 15621 | D:10     | Noticed a two-headed ogre
 15629 | D:10     | Killed a two-headed ogre
 15779 | D:10     | Found Pirphatz's Assorted Antiques.
 16040 | D:10     | Bought a crooked jewelled staff for 360 gold pieces
 16264 | D:10     | Found Faonuuss's Book Shop.
 16271 | D:10     | Bought a book of Minor Magic for 320 gold pieces
 16274 | D:10     | Learned a level 2 spell: Blink
 16278 | D:10     | Learned a level 3 spell: Conjure Flame
 16320 | D:10     | Killed an unseen horror
 16779 | D:10     | Found Dinut's Book Shoppe.
 16811 | D:10     | Found Laosuqog's Gadget Emporium.
 16812 | D:10     | Noticed a two-headed ogre
 16817 | D:10     | Killed a two-headed ogre
 17204 | D:11     | Found a portal to a secret trove of treasure.
 17471 | D:11     | Reached skill level 10 in Dodging
 17571 | D:11     | Reached skill level 1 in Evocations
 17943 | D:11     | Found a staircase to the Orcish Mines.
 17949 | D:11     | Reached *** piety under Ashenzari
 18030 | D:11     | Found a roughly hewn altar of Beogh.
 18283 | D:12     | Reached skill level 1 in Fighting
 18325 | D:12     | Found a frozen archway.
 18325 | D:12     | Noticed Nessos
 18331 | IceCv    | Entered an ice cave
 18434 | IceCv    | HP: 5/115 [ice devil (14)]
 18435 | IceCv    | Slain by an ice devil

Illustrated notes

Levels and vault maps discovered:
D:1:      lemuel_arrival_cross, layout_loops_corners,
          kennysheep_decorative_pillar
D:2:      layout_basic, uniq_robin
D:3:      minmay_door_path, layout_rooms, nicolae_overflow_hidden_temple,
          chequers_temple_overflow_statue_of_worship, roderic_roman_lattice
D:4:      layout_loops_ring, nicolae_overflow_crystal_walls,
          minmay_temple_entry_enclosed_plants, cheibrodos_sewer_entry_sluice,
          elyvilon_altar_5
D:5:      layout_loops_corners, kennysheep_ying_yang, first_ration,
          corexii_leaking_fountain
D:6:      layout_basic, kennysheep_generic_room_15, uniq_duvessa, uniq_menkaure,
          uniq_pikel
D:7:      layout_cave_pools, uniq_joseph
D:8:      layout_gridville, fedhas_altar_3, minmay_lair_entry_grove,
          serial_shops, shop, david_nohive_1, minmay_hedge_maze,
          minmay_gold_behind_fungi
D:9:      minmay_recursive_quarters, layout_stronghold,
          nicolae_dithmenos_through_a_glass_darkly
D:10:     layout_roguey, gammafunk_ghost_smash, serial_shops, shop, shop,
          kennysheep_little_box, shop, nicolae_shop_overgrown_old_shop
D:11:     layout_stronghold, minmay_orc_entry_temple_small,
          trove_entry_hex_spiral
D:12:     layout_basic, serial_ice, serial_ice_i, serial_ice_b, serial_ice_a,
          serial_ice_o, serial_shops, nicolae_shop_overgrown_old_shop,
          portal_ice_cave_rime, uniq_nessos
Temple:   oiseaux_autumnal_temple
IceCv:    ice_cave_tombish

Skill      XL: |  1  2  3  4  5  6  7  8  9 10 11 |
---------------+----------------------------------+-----
Stealth        | 2 |  2.0
Dodging        | 2 3 4 5 6 7 8 10 | 10.0
Throwing       | 1 |  1.0
Translocations | 1 2 3 4 6 |  6.0
Conjurations   | 5 6 7 9 10 | 10.6
Spellcasting   | 4 |  4.9
Fire Magic     | 3 5 6 |  6.4
Earth Magic    | 3 5 6 |  6.0
Evocations     | 2 |  2.9
Fighting       | 1 |  1.3

Action                   |  1- 3 |  4- 6 |  7- 9 | 10-12 || total
-------------------------+-------+-------+-------+-------++-------
Melee: Unarmed           |    60 |   124 |    75 |       ||   259
       Tailslap          |     4 |    15 |    10 |     7 ||    36
       Flail             |       |       |       |    40 ||    40
 Cast: Magic Dart        |    49 |   101 |    79 |   148 ||   377
       Searing Ray       |    23 |    36 |    76 |   111 ||   246
       Iskenderun's Myst |       |     1 |    10 |    20 ||    31
       Bolt of Magma     |       |       |       |    12 ||    12
       Conjure Flame     |       |       |       |     5 ||     5
Invok: Curse Item        |       |       |       |     3 ||     3
 Abil: Breathe Acid      |       |       |     2 |     2 ||     4
  Use: Scroll            |       |     8 |       |     6 ||    14
       Potion            |       |     6 |    12 |     2 ||    20
  Eat: Chunk             |     6 |    12 |    15 |    30 ||    63
       Ration            |       |     2 |     2 |     1 ||     5
Armor: Skin              |    39 |   100 |    59 |    41 ||   239
Dodge: Dodged            |    95 |   136 |   256 |   218 ||   705
